Map: Blackburn LE

Players

YourBroChris

  • Race: Protoss Protoss
  • League: Diamond

하스 (Has) - Winner!

  • Race: Protoss Protoss
  • League: Master

Event: DreamHack SC2 Masters Last Chance 2022

VOD

Have the link to the VOD?

Description

Time

  • Played on: Dec. 15, 2021, 5:21 a.m.
  • Length: 6:18

All games in this series

Show
View Real Time Build Order
Export as new Build Order

YourBroChris Protoss 

Build Orders:  

Get SALT Encoding   

  12  0:00  Probe  
  13  0:12  Probe  
  14  0:17  Pylon  
  14  0:24  Probe (Chrono Boost)  
  15  0:37  Probe (Chrono Boost)  
  15  0:38  Gateway  
  16  0:44  Probe (Chrono Boost)  
  16  0:46  Assimilator  
  17  0:51  Probe  
  17  0:56  Assimilator  
  18  1:03  Probe  
  19  1:09  Gateway  
  19  1:15  Probe  
  20  1:26  Cybernetics Core  
  20  1:27  Probe  
  21  1:34  Pylon  
  21  1:40  Probe  
  22  1:52  Gateway, Probe  
  23  2:01  Warp Gate (Chrono Boost)  
  23  2:04  Stalker x2  
  27  2:15  Pylon  
  27  2:34  Stalker  
  29  2:38  Stalker  
  31  2:47  Stalker  
  33  3:04  Stalker  
  33  3:33  Stalker x2  
  37  3:48  Stalker  
  36  3:57  Stalker  
  38  4:14  Stalker  
  38  4:25  Pylon  
  38  4:27  Nexus  
  36  4:41  Adept  
  38  4:48  Probe (Chrono Boost)  
  39  4:59  Probe (Chrono Boost)  
  40  5:03  Probe (Chrono Boost)  
  41  5:09  Adept  
  43  5:14  Probe  
  43  5:15  Twilight Council, Forge  
  40  5:32  Probe, Shield Battery  
  41  5:39  Sentry  
  41  5:40  Sentry  
  45  5:44  Probe  
  45  5:46  Probe  
  47  6:00  Probe  
  47  6:01  Probe  
  49  6:11  Stalker  
Show
View Real Time Build Order
Export as new Build Order

하스 Protoss - Winner!

Build Orders: 1 Gate Expand, Oracle Opening, Proxy Void Ray 

Get SALT Encoding   

  12  0:00  Probe  
  13  0:12  Probe  
  14  0:19  Pylon  
  14  0:25  Probe  
  15  0:37  Probe (Chrono Boost)  
  15  0:41  Gateway  
  16  0:49  Assimilator, Probe (Chrono Boost)  
  17  0:54  Probe (Chrono Boost)  
  17  0:57  Assimilator  
  18  1:03  Probe  
  19  1:15  Probe  
  20  1:29  Nexus  
  20  1:39  Cybernetics Core  
  20  1:41  Probe  
  21  1:50  Pylon  
  21  1:53  Probe  
  22  2:05  Probe  
  23  2:15  Adept (Chrono Boost)  
  23  2:17  Probe, Stargate  
  26  2:25  Warp Gate  
  27  2:30  Probe  
  27  2:35  Pylon  
  27  2:37  Adept  
  27  2:41  Probe  
  27  2:42  Probe  
  31  2:53  Probe  
  31  2:54  Probe  
  33  3:05  Probe  
  33  3:06  Probe  
  33  3:09  Oracle (Chrono Boost)  
  38  3:18  Stalker, Gateway  
  39  3:23  Shield Battery  
  38  3:28  Shield Battery  
  38  3:29  Pylon  
  38  3:31  Void Ray (Chrono Boost)  
  43  3:41  Probe  
  43  3:44  Probe  
  42  3:58  Void Ray (Chrono Boost)  
  42  3:59  Probe x2  
  48  4:14  Zealot x2  
  52  4:19  Shield Battery  
  52  4:21  Shield Battery  
  52  4:22  Pylon  
  52  4:27  Pylon  
  52  4:33  Probe x2  
  52  4:36  Void Ray (Chrono Boost)  
  54  4:40  Stalker  
  54  4:41  Zealot  
  54  4:45  Assimilator, Probe  
  63  4:51  Probe  
  63  4:52  Pylon  
  64  4:57  Probe  
  65  5:03  Probe  
  65  5:04  Stalker x2  
  65  5:06  Pylon  
  70  5:16  Probe, Pylon  
  70  5:17  Probe  
  70  5:20  Void Ray (Chrono Boost)  
  72  5:28  Assimilator, Probe  
  72  5:34  Stalker x2  
  81  5:41  Probe x2  
  83  5:49  Gateway  
  87  5:58  Stalker  
  87  6:00  Stalker  

Tags
 
Add a new tag
Caveats
  • Supply blocks, unpowered buildings, or Contaminate may cause inaccurate times.
  • Supply counts are checked every 10 seconds.